AoeStats
← Schantiiniiii

African Clearing

504319942Analyzed
2v2 RM · 26d ago on Sep 4, 2026· 48m 7s· 4 players
Game mode
Random Map
Map size
Medium (4 player)
Population
200
Speed
Normal
Resources
Standard
Victory
Conquest
Starting age
Dark Age
Ending age
Imperial Age
RankedLock teamsTeams togetherTeam positionsShared explorationLock speedFull tech treeHidden civsTurbo modeCheats
Victory
Defeat
🇩🇪 Lithuanians · Germany
1709
+12
🇨🇭 Wei · Switzerland
1664
+14
🇮🇱 Bulgarians · Israel
1633
-13
🇧🇷 Maya · Brazil
1611
-13
Mø
5:21 Loom
12:00 Feudal Age
17:31 Double-Bit Axe
20:44 Wheelbarrow
24:33 Castle Age
23:06 Gold Mining
23:00 Horse Collar
24:30 Fletching
24:41 Padded Archer Armor
25:15 Bloodlines
25:21 Bodkin Arrow
27:09 Thumb Ring
27:17 Bow Saw
28:32 Husbandry
29:32 Thumb Ring
31:53 Ballistics
33:49 Heavy Plow
34:06 Town Watch
34:41 Hand Cart
36:15 Leather Archer Armor
43:47 Imperial Age
42:21 Masonry
44:31 Bracer
44:57 Parthian Tactics
45:36 Chemistry
45:12 Architecture
45:11 Heavy Cavalry Archer
46:51 Scale Barding Armor
46:46 Scale Mail Armor
46:57 Forging
46:31 Light Cavalry
48:52 Iron Casting
Croccia
12:28 Feudal Age
13:31 Loom
14:16 Town Watch
16:39 Castle Age
16:59 Town Watch
17:00 Double-Bit Axe
18:05 Fletching
21:15 Bodkin Arrow
24:16 Ballistics
26:01 Padded Archer Armor
30:26 Wheelbarrow
36:52 Imperial Age
36:19 Leather Archer Armor
37:37 Bracer
38:38 Chemistry
39:16 Conscription
39:34 Thumb Ring
41:41 Elite Plumed Archer
Schantiiniiii
6:40 Loom
12:43 Feudal Age
16:52 Castle Age
15:36 Double-Bit Axe
16:30 Fletching
18:00 Horse Collar
19:37 Bodkin Arrow
21:25 Town Watch
22:58 Gold Mining
25:41 Wheelbarrow
27:41 Bow Saw
28:11 Ballistics
29:48 Bloodlines
31:28 Husbandry
32:28 Stone Mining
34:49 Heavy Plow
39:44 Imperial Age
37:48 Scale Barding Armor
38:48 Chain Barding Armor
38:40 Forging
41:11 Iron Casting
39:57 Elite Tiger Cavalry
40:04 Elite Tiger Cavalry
41:39 Masonry
44:08 Blast Furnace
42:40 Elite Tiger Cavalry
47:46 Hand Cart
{ BP } Käpt`n Iglo
9:24 Loom
11:56 Feudal Age
12:25 Double-Bit Axe
18:14 Wheelbarrow
17:36 Horse Collar
18:24 Forging
23:38 Castle Age
22:11 Scale Barding Armor
22:08 Gold Mining
22:10 Stone Mining
22:52 Fishing Lines
25:46 Town Watch
26:24 Scale Barding Armor
27:03 Bloodlines
28:09 Husbandry
39:05 Imperial Age
37:46 Chain Barding Armor
38:37 Fletching
39:13 Cavalier
40:38 Plate Barding Armor
40:39 Bow Saw
41:11 Conscription
41:21 Padded Archer Armor
41:38 Elite Skirmisher
43:10 Heavy Plow
43:06 Bodkin Arrow
43:49 Leather Archer Armor
44:23 Bracer
44:45 Ballistics
45:30 Chemistry
45:57 Conscription
47:23 Crop Rotation
47:31 Iron Casting
47:37 Tower Shields
48:33 Ring Archer Armor
Connection lost

Rejoining the realm…

Still unreachable

The connection could not be restored.

Session expired

The server has moved on; the page needs a fresh start.